 Dungeon Crawl Stone Soup version 0.19.1 (webtiles) character file.

52 Mesmaeker13 the Magician (level 3, 0/26 HPs)
             Began as a Draconian Wizard on Dec 14, 2016.
             Slain by a goblin (2 damage)
             ... on level 2 of the Dungeon.
             The game lasted 00:04:33 (1327 turns).

Mesmaeker13 the Magician (Draconian Wizard)         Turns: 1327, Time: 00:04:34

Health: 0/26       AC:  5    Str:  6 (9)  XL:     3   Next: 60%
Magic:  2/7        EV: 12    Int: 18 (19) God:
Gold:   29         SH:  0    Dex:  8 (9)  Spells: 2 memorised, 5 levels left

rFire  . . .     SeeInvis .     f - +1 club
rCold  . . .     Gourm    .     (armour unavailable)
rNeg   . . .     Faith    .     (no shield)
rPois  .         Spirit   .     a - +0 hat
rElec  .         Reflect  .     (no cloak)
rCorr  .         Harm     .     (no gloves)
MR     .....                    (no boots)
Stlth  ++........               (no amulet)
                                (no ring)
                                (no ring)

@: very slightly contaminated, hasted, very quick
A: unfitting armour, cold-blooded, AC +5
a: no special abilities


You were on level 2 of the Dungeon.
You were not hungry.

You visited 1 branch of the dungeon, and saw 2 of its levels.

You collected 29 gold pieces.

Inventory:

Hand Weapons
 f - a +1 club (weapon)
Armour
 a - a +0 hat (worn)
Scrolls
 j - 3 scrolls of remove curse
 l - 2 scrolls of identify
Potions
 d - a potion of invisibility {unknown}
Books
 b - a book of Minor Magic

   Spells                             Type                      Level
   a - Magic Dart                     Conjuration                  1
   b - Blink                          Translocation                2
   c - Call Imp                       Summoning                    2
   d - Repel Missiles                 Charms/Air                   2
   e - Slow                           Hexes                        2
   f - Conjure Flame                  Conjuration/Fire             3
   g - Mephitic Cloud                 Conjuration/Poison/Air       3
Comestibles
 c - a bread ration
 i - a beef jerky
 k - 2 fruits
 n - a slice of pizza


   Skills:
 - Level 1.8 Dodging
 - Level 1.7 Stealth
 - Level 3.4 Spellcasting
 + Level 2.6 Conjurations
 + Level 1.6 Summonings
   Level 1.0 Translocations


You had 5 spell levels left.
You knew the following spells:

 Your Spells              Type           Power        Failure   Level  Hunger
a - Magic Dart            Conj           ##..         8%          1    None
b - Call Imp              Summ           #.......     14%         2    ##.....


Dungeon Overview and Level Annotations

Branches:
Dungeon (2/15)

Altars:

Annotations:
D:2 Robin


Innate Abilities, Weirdness & Mutations

Your plain brown scales are hard. (AC +5)
You cannot fit into any form of body armour.
You are cold-blooded and may be slowed by cold attacks.


Message History

* * * LOW HITPOINT WARNING * * *
The goblin unwields an uncursed hunting sling.
The goblin hits you but does no damage. The goblin hits you.
* * * LOW HITPOINT WARNING * * *
As you read the scroll labeled BYLIKIDGH XICOC, it crumbles to dust.
The scroll dissolves into smoke.
It was a scroll of fog.
The hobgoblin hits you but does no damage.
The goblin closely misses you. The goblin hits you.
* * * LOW HITPOINT WARNING * * *
There are monsters nearby!
It was a potion of haste.
You feel yourself speed up.
The hobgoblin hits you but does no damage.
The goblin barely misses you.
You are very lightly contaminated with residual magic.
It was a potion of degeneration.
There was something very wrong with that liquid.
You feel weakened.
You feel dopey.
You feel clumsy.
The hobgoblin hits you but does no damage.
The goblin hits you.
You die...

### ########### #≈≈ ggg...'...#
#≈≈ gggg..'...# #≈≈#### #...#
#≈≈.§§##########...#
#≈§§§§#(...g).g....#
#≈§gg@#()))...g....#
#≈§gg##(##.....##'##
#≈≈§§#...#.....#...#
#≈≈§g#...#.....#...#
#≈≈..#.(.#.....#...#
#≈≈(.##†##..)..##)##
#≈≈......#.....#...# ##########
#≈≈≈.....#.....#...#
[..#.....####≈≈≈≈≈≈≈#.....#≈≈≈#


You could see a hobgoblin (inner flame) and 3 goblins.

Vanquished Creatures
  A dart slug (D:1)
  A leopard gecko (D:1)
  6 goblins
  5 hobgoblins
  2 jackals (D:2)
  A kobold (D:1)
  A ball python (D:1)
  6 bats (D:1)
  5 frilled lizards (D:1)
  6 rats (D:1)
34 creatures vanquished.

Vanquished Creatures (collateral kills)
  An adder (D:2)
  A worm (D:2)
  A hobgoblin (D:2)
  A jackal (D:2)
  4 goblins (D:2)
8 creatures vanquished.

Vanquished Creatures (others)
  A goblin (D:2)
1 creature vanquished.

Grand Total: 43 creatures vanquished

Notes
Turn   | Place    | Note
-------+----------+-------------------------------------------
     0 | D:1      | Mesmaeker13 the Draconian Wizard began the quest for the Orb.
     0 | D:1      | Reached XP level 1. HP: 14/14 MP: 4/4
   335 | D:1      | Reached XP level 2. HP: 16/20 MP: 6/6
  1015 | D:1      | Reached XP level 3. HP: 25/26 MP: 2/7
  1108 | D:2      | Learned a level 2 spell: Call Imp
  1303 | D:2      | Noticed Robin
  1324 | D:2      | HP: 1/26 [goblin (2)]
  1327 | D:2      | Slain by a goblin

Skill      XL: |  1  2 |
---------------+-------+-----
Conjurations   | 2 |  2.6
Dodging        | |  1.8
Stealth        | |  1.7
Spellcasting   | |  3.4
Summonings     | |  1.6
Translocations | |  1.0

Action                   || total
-------------------------++-------
Melee: Club              ||    97
       Unarmed           ||    12
       Tailslap          ||     5
 Cast: Magic Dart        ||    47
       Call Imp          ||     4
  Use: Scroll            ||     5
       Potion            ||     2
 Stab: Sleeping          ||     2
  Eat: Chunk             ||     2
Armor: Skin              ||    63
Dodge: Dodged            ||   125
